 Dungeon Crawl Stone Soup version 0.28.0 (webtiles) character file.

Game seed: 11388483034394081864

632 Ayyar the Chopper (level 7, -3/62 HPs)
             Began as a Hill Orc Monk on Apr 14, 2022.
             Slain by a killer bee (8 damage)
             ... on level 7 of the Dungeon.
             The game lasted 00:15:55 (5616 turns).

Ayyar the Chopper (Hill Orc Monk)                   Turns: 5616, Time: 00:15:56

Health: -3/62      AC:  8    Str: 16    XL:     7   Next: 49%
Magic:  7/7        EV: 10    Int: 10    God:
Gold:   211        SH:  0    Dex: 13    Spells: 6/6 levels left

rFire   . . .      SeeInvis .   q - +0 broad axe
rCold   . . .      Faith    .   (no shield)
rNeg    . . .      Spirit   .   e - +0 scale mail
rPois   .          Reflect  .   (no helmet)
rElec   .          Harm     .   i - +0 cloak
rCorr   .          Rampage  .   (no gloves)
Will    .....                   (no boots)
Stlth   +.........              (no amulet)
HPRegen 0.20/turn               (no ring)
MPRegen 0.10/turn               (no ring)

@: lethally poisoned (-3 -> -8)
A: no striking features
a: no special abilities


You were on level 7 of the Dungeon.
You visited 2 branches of the dungeon, and saw 8 of its levels.

You collected 211 gold pieces.

Inventory:

Hand Weapons
 q - a +0 broad axe (weapon)
Missiles
 d - 6 poisoned darts (quivered)
Armour
 e - a +0 scale mail (worn)
 i - a +0 cloak (worn)
Jewellery
 u - a ring of protection from cold
Wands
 g - a wand of digging (2)
 r - a wand of acid (13)
 s - a wand of flame (16)
Scrolls
 b - a scroll of identify {unknown}
 c - a scroll of enchant armour {unknown}
 f - a scroll of magic mapping {unknown}
 j - a scroll of fear {unknown}
 k - 2 scrolls of teleportation
 l - a scroll of holy word {unknown}
 m - a scroll of blinking {unknown}
 n - a scroll of vulnerability {unknown}
Potions
 a - 2 potions of brilliance {unknown}
 h - a potion of degeneration {unknown}
 o - 2 potions of curing
 p - a potion of lignification {unknown}
 t - a potion of heal wounds {unknown}
 v - a potion of invisibility
 w - a potion of might {unknown}


   Skills:
 + Level 5.6 Fighting
 + Level 6.1 Axes
 + Level 2.5 Throwing
 + Level 3.7 Armour
 - Level 3.0 Dodging
 - Level 3.0 Stealth


You had 6 spell levels left.
You didn't know any spells.
Your spell library contained the following spells:

 Spells                   Type           Power      Damage    Failure   Level
 Beastly Appendage        Tmut           0%         N/A       78%         1
 Pain                     Necr           0%         1d4       78%         1
 Wereblood                Tmut           0%         N/A       89%         2
 Ozocubu's Armour         Ice            0%         N/A       98%         3
 Spider Form              Tmut/Pois      0%         N/A       98%         3
 Agony                    Necr           0%         N/A       100%        5
 Excruciating Wounds      Necr           0%         N/A       100%        5
 Ozocubu's Refrigeration  Ice            0%         4d5       100%        7


Dungeon Overview and Level Annotations

Branches:
Dungeon (8/15)             Temple (1/1) D:5            Lair (0/6) D:8

Altars:
Ashenzari
Elyvilon
Hepliaklqana
Makhleb
Nemelex Xobeh
Okawaru
Ru
Vehumet
Zin

Shops:
D:3 [


Message History

The killer bee barely misses you. The killer bee stings you. x2
The killer bee barely misses you.
The orc priest casts a cantrip, but nothing happens.
The orc hits you with a +0 morningstar! The killer bee closely misses you.
The killer bee barely misses you.
The killer bee stings you but does no damage. x2
The orc priest invokes the aid of Beogh against you.
Beogh smites you! The killer bee stings you.
A killer bee comes into view.
The killer bee stings you but does no damage. x2
There is an escape hatch in the ceiling here.
The killer bee buzzes angrily.
The killer bee barely misses you. The killer bee stings you.
The killer bee stings you but does no damage.
The orc misses you.
The killer bee stings you but does no damage.
The killer bee stings you. The killer bee barely misses you.
A mysterious force pulls you upwards. The hatch slams shut behind you.
You barely miss the killer bee. You hit the orc but do no damage.
You slash the killer bee! You hit the killer bee.
The killer bee barely misses you. The killer bee stings you!
You are poisoned.
The killer bee poisons you! The killer bee barely misses you.
The killer bee closely misses you. The orc closely misses you.
The killer bee misses you. The killer bee stings you. x2
* * * LOW HITPOINT WARNING * * *
The orc completely misses you.
You miss the killer bee.
The killer bee is moderately wounded.
You closely miss the killer bee. You barely miss the killer bee.
You barely miss the orc.
You feel sick. The killer bee stings you.
* * * LOW HITPOINT WARNING * * *
The killer bee stings you.
* * * LOW HITPOINT WARNING * * *
The killer bee closely misses you. x2; The killer bee misses you.
The killer bee stings you but does no damage.
The orc hits you with a +0 morningstar.
* * * LOW HITPOINT WARNING * * *
The killer bee closely misses you. The killer bee stings you!
You die...

...#.##.#
..+..#.
..#...
.....#
#....# #.
#....#
#...##.y..#
#..o@y..#
####y#......
#.# #....
#.# ..# #.#
. #.. ###


You could see 3 killer bees and an orc.

Vanquished Creatures
  Edmund (D:4)
  A centaur (D:5)
  A water moccasin skeleton (D:5)
  A hound (D:5)
  An orc priest (D:3)
  Crazy Yiuf (D:3)
  An iguana (D:4)
  Natasha (thrice) (D:2)
  2 orc wizards
  5 adders
  4 worms
  12 orcs
  6 ball pythons
  10 endoplasms
  3 giant cockroaches
  11 goblins
  5 hobgoblins
  2 jackals (D:3)
  2 quokkas (D:1)
  7 bats
  3 frilled lizards
  5 kobolds
  4 rats
91 creatures vanquished.

Vanquished Creatures (others)
  15 plants (D:2)
15 creatures vanquished.

Grand Total: 106 creatures vanquished

Notes
Turn   | Place    | Note
-------+----------+-------------------------------------------
     0 | D:1      | Ayyar the Hill Orc Monk began the quest for the Orb.
     0 | D:1      | Reached XP level 1. HP: 19/19 MP: 1/1
   217 | D:1      | Found a faded altar of an unknown god.
   284 | D:1      | Reached XP level 2. HP: 27/27 MP: 2/2
  1275 | D:2      | Reached XP level 3. HP: 32/33 MP: 3/3
  1796 | D:2      | Noticed Natasha
  1808 | D:2      | Killed Natasha
  1809 | D:2      | Reached skill level 1 in Armour
  1809 | D:2      | Reached XP level 4. HP: 15/40 MP: 4/4
  2566 | D:2      | Noticed Natasha
  2579 | D:2      | Killed Natasha
  2667 | D:2      | Noticed Natasha
  2682 | D:2      | Killed Natasha
  2683 | D:2      | Reached XP level 5. HP: 33/46 MP: 5/5
  2858 | D:3      | Found a runed translucent door.
  2859 | D:3      | Noticed Crazy Yiuf
  2877 | D:3      | Killed Crazy Yiuf
  2883 | D:3      | HP: 2/47 [poisoned by Crazy Yiuf]
  3218 | D:3      | Found Zephef's Antique Armour Emporium.
  3669 | D:3      | Reached skill level 5 in Axes
  3669 | D:3      | Reached skill level 1 in Throwing
  3686 | D:3      | Reached XP level 6. HP: 28/53 MP: 6/6
  4349 | D:4      | Noticed Edmund
  4377 | D:4      | Killed Edmund
  4378 | D:4      | Reached skill level 5 in Fighting
  4813 | D:4      | Reached XP level 7. HP: 59/61 MP: 7/7
  5106 | D:5      | Entered Level 5 of the Dungeon
  5170 | D:5      | Found a staircase to the Ecumenical Temple.
  5184 | Temple   | Entered the Ecumenical Temple
  5403 | D:5      | Reached skill level 6 in Axes
  5603 | D:5      | You fall into a shaft and drop 3 floors!
  5603 | D:8      | Noticed a basilisk
  5603 | D:8      | Noticed an elephant
  5603 | D:8      | Noticed a yak
  5603 | D:8      | Found a staircase to the Lair.
  5604 | D:8      | Noticed a basilisk
  5616 | D:7      | Slain by a killer bee

Illustrated notes

Levels and vault maps discovered:
D:1:      psy_arrival_radial02, layout_basic,
          hellmonk_ecumenical_altar_leap_of_faith
D:2:      layout_basic, serial_bayou_lake_a, uniq_natasha
D:3:      layout_basic, serial_shops, shop, kennysheep_generic_room_2,
          uniq_crazy_yiuf_cottage
D:4:      layout_rooms, uniq_edmund
D:5:      nicolae_BIG_FREAKIN_CUBE, layout_gridville,
          mainiacjoe_overflow_24_doors, serial_park_tiny_1
D:7:      layout_basic, lemuel_coloured_pillars_altar, serial_shops,
          nicolae_shop_hallway_plus, nicolae_stop_n_shop_2, nicolae_shop_stone,
          nicolae_shop_waterfront
D:8:      layout_basic, gammafunk_temple_overflow_statue, led_xom_imps,
          david_lair_generic, minivault_27
Temple:   dpeg_three_leaves_temple

Skill      XL: |  1  2  3  4  5  6  7 |
---------------+----------------------+-----
Stealth        | 2 3 |  3.0
Fighting       | 4 5 |  5.6
Armour         | 1 2 3 |  3.7
Dodging        | 3 |  3.0
Axes           | 5 6 |  6.1
Throwing       | 1 2 |  2.5

Action                   |  1- 3 |  4- 6 |  7- 9 || total
-------------------------+-------+-------+-------++-------
Melee: Hand axe          |   123 |    61 |       ||   184
       Punch             |     3 |     1 |     1 ||     5
       War axe           |       |   129 |     9 ||   138
       Broad axe         |       |       |    23 ||    23
Throw: Dart              |     8 |    10 |     1 ||    19
  Use: Potion            |       |     2 |       ||     2
       Scroll            |       |       |     1 ||     1
 Stab: Sleeping          |     3 |     1 |       ||     4
Armor: Leather armour    |    17 |       |       ||    17
       Ring mail         |     9 |    50 |       ||    59
       Scale mail        |       |    19 |    40 ||    59
Dodge: Dodged            |    88 |    88 |    35 ||   211
